 Dungeon Crawl Stone Soup version 0.27-a0-1186-g8b4daa1eef (webtiles) character file.

Game seed: 13006453241582146888

1004 Ge0ff the Ruffian (level 8, -4/74 HPs)
             Began as a Troll Delver on May 19, 2021.
             Was a Believer of Trog.
             Slain by a troll (11 damage)
             ... on level 5 of the Dungeon.
             The game lasted 00:12:16 (4260 turns).

Ge0ff the Ruffian (Troll Delver)                    Turns: 4260, Time: 00:12:16

Health: -4/74      AC:  5    Str: 21    XL:     8   Next: 0%
Magic:  7/7        EV:  8    Int:  6    God:    Trog [**....]
Gold:   282        SH: 11    Dex: 13    Spells: 7/7 levels left

rFire    . . .     SeeInvis .     - Unarmed
rCold    . . .     Faith    .   N - +2 kite shield
rNeg     . . .     Spirit   .   a - +0 robe
rPois    .         Reflect  .   (helmet restricted)
rElec    .         Harm     .   Z - +0 cloak
rCorr    .         Rampage  .   (gloves unavailable)
Will     .....                  (boots unavailable)
Stlth    ++........             (no amulet)
HPRegen  1.22/turn              (no ring)
MPRegen  0.10/turn              (no ring)

@: on berserk cooldown, hasted and slowed
A: large, unfitting armour, claws 3, regeneration 1, shaggy fur 1, tough skin 1
a: Renounce Religion, Berserk, Trog's Hand


You were on level 5 of the Dungeon.
You worshipped Trog.
Trog was pleased with you.
You visited 2 branches of the dungeon, and saw 6 of its levels.

You collected 282 gold pieces.

Inventory:

Hand Weapons
 b - a +3 flail of protection
 w - a +0 dagger of venom
Missiles
 g - 2 throwing nets {=f}
 O - 114 stones
 V - 4 large rocks
 W - 19 poisoned darts (quivered)
Armour
 a - a +0 robe (worn)
 N - a +2 kite shield (worn)
 Z - a +0 cloak (worn)
Wands
 d - a wand of digging (3)
Scrolls
 m - 2 scrolls of magic mapping
 F - a scroll of fog
 J - a scroll of noise {unknown}
 K - 2 scrolls of immolation {unknown}
 P - 2 scrolls of teleportation {unknown}
 S - 2 scrolls of identify {unknown}
 U - a scroll of acquirement {unknown}
Potions
 G - a potion of brilliance {unknown}
 I - a potion of resistance {unknown}
 L - 2 potions of heal wounds {unknown}
 M - a potion of might {unknown}
 Q - 2 potions of flight {unknown}
 R - 2 potions of cancellation {unknown}
 T - 2 potions of invisibility {unknown}
 X - a potion of attraction {unknown}
 Y - a potion of berserk rage {unknown}


   Skills:
 + Level 2.9 Fighting
 - Level 1.0 Throwing
 - Level 2.0 Dodging
 - Level 2.7 Stealth
 + Level 4.9 Shields
 + Level 6.6 Unarmed Combat


You had 7 spell levels left.
You didn't know any spells.
Your spell library was empty.

Dungeon Overview and Level Annotations

Branches:
Dungeon (5/15)             Temple (1/1) D:5

Altars:
Ashenzari
Cheibriados
Elyvilon
Hepliaklqana
Nemelex Xobeh
Okawaru
Qazlal
Trog
Uskayaw
Wu Jian
Zin
The Shining One
Lugonu

Shops:
D:4 (


Innate Abilities, Weirdness & Mutations

You are too large for most types of armour.
You have claws for hands.
Your natural rate of healing is unusually fast.
You are covered in fur. (AC +1)
You have tough skin. (AC +1)


Message History

Blork the orc looks satisfied for a moment.
You barely miss Blork the orc.
Blork the orc is heavily wounded.
Blork the orc hits you with a +0 scimitar.
You barely miss Blork the orc.
Blork the orc is heavily wounded.
Blork the orc closely misses you.
You closely miss Blork the orc.
Blork the orc is heavily wounded.
You claw Blork the orc!
Blork the orc is severely wounded.
Blork the orc casts a spell at you. The puff of frost hits you.
You barely miss Blork the orc.
Blork the orc is severely wounded.
Blork the orc gestures at you while chanting.
The magic dart hits you.
You claw Blork the orc!
You kill Blork the orc!
Trog accepts your kill.
Trog appreciates your killing of a magic user.
You have reached level 8!
You feel a strong urge to attack something.
You are no longer berserk.
You are exhausted.
You feel yourself slow down.
HP restored.
A troll comes into view.
Things that are here:
a +0 scimitar; a +0 robe The troll shouts!
You claw the troll!
The troll is heavily wounded.
The troll bites you. The troll barely misses you. The troll claws you!
The troll bites you! The troll claws you! x2
As you read the scroll of fear, it crumbles to dust.
You assume a fearsome visage.
The troll easily resists.
The troll barely misses you. The troll claws you. You block the troll's attack.
The troll bites you! The troll claws you. x2
* * * LOW HITPOINT WARNING * * *
Really quaff
H - a potion of haste {!q}?
You feel yourself speed up. The troll bites you but does no damage.
You block the troll's attack. The troll closely misses you.
The troll bites you!
* * * LOW HITPOINT WARNING * * *
The troll closely misses you. The troll claws you!
* * * LOW HITPOINT WARNING * * *
You block the troll's attack. The troll claws you but does no damage.
The troll claws you!
You die...

.........###.###
#.#..#.#
..........##.###
#.#..#.#
...............#
#.####.#
....##....##...#
#......#
....##....##...#
########
....##....##.###
....##.....#.#
####.....#.#+##########
#######.........@.....#
......#..........T....#
°....°#...............#
......#...............#
......#.....>.........#
......###.............#
......# #.............#
......# #.....†.......#
.....># #.....).......#


You could see a troll.

Vanquished Creatures
  An orc warrior (D:4)
  An ice beast (D:5)
  A necrophage (D:3)
  A black bear (D:5)
  Blork the orc (D:5)
  2 scorpions (D:5)
  A centaur zombie (D:5)
  3 hounds (D:5)
  A jelly (D:3)
  2 orc priests
  A centaur skeleton (D:4)
  Jessica (D:3)
  4 orc wizards
  4 adders
  A dart slug (D:3)
  10 orcs
  3 ball pythons
  3 endoplasms
  3 giant cockroaches
  8 goblins
  2 hobgoblins
  5 jackals (D:3)
  4 kobolds
  3 quokkas
  2 bats (D:1)
  A frilled lizard (D:1)
  2 rats (D:1)
71 creatures vanquished.

Notes
Turn   | Place    | Note
-------+----------+-------------------------------------------
     0 | D:5      | Ge0ff the Troll Delver began the quest for the Orb.
     0 | D:5      | Reached XP level 1. HP: 22/22 MP: 0/0
     3 | D:5      | Noticed a hound
   329 | D:1      | Reached XP level 2. HP: 22/29 MP: 1/1
  1014 | D:1      | Reached skill level 3 in Unarmed Combat
  1359 | D:2      | Reached skill level 1 in Shields
  1712 | D:2      | Reached XP level 3. HP: 36/36 MP: 2/2
  2058 | D:3      | Noticed Jessica
  2070 | D:3      | Killed Jessica
  2074 | D:3      | Reached XP level 4. HP: 44/44 MP: 3/3
  2181 | D:3      | Found a stormy altar of Qazlal.
  2252 | D:3      | Found a sparkling altar of Nemelex Xobeh.
  2480 | D:3      | Found a faded altar of an unknown god.
  2490 | D:3      | Became a worshipper of Trog the Wrathful
  2490 | D:3      | Reached * piety under Trog
  2718 | D:3      | Reached skill level 4 in Unarmed Combat
  2775 | D:4      | Found a broken altar of Ashenzari.
  2921 | D:4      | Reached XP level 5. HP: 50/50 MP: 4/4
  2933 | D:4      | Noticed an orc warrior
  2959 | D:4      | Noticed a necrophage
  2978 | D:3      | Killed a necrophage
  3330 | D:4      | Killed an orc warrior
  3331 | D:4      | Reached skill level 5 in Unarmed Combat
  3331 | D:4      | Reached XP level 6. HP: 58/59 MP: 5/5
  3580 | D:4      | Found Boni's Antique Weapon Shop.
  3602 | D:5      | Noticed an ice beast
  3611 | D:5      | Killed an ice beast
  3722 | D:5      | Reached XP level 7. HP: 66/66 MP: 6/6
  3747 | D:5      | Reached skill level 6 in Unarmed Combat
  3748 | D:5      | Reached ** piety under Trog
  3935 | D:5      | Reached skill level 1 in Throwing
  4010 | D:5      | Found an ornate altar of the Wu Jian Council.
  4010 | D:5      | Found a hide-covered altar of Uskayaw.
  4076 | D:5      | Found a staircase to the Ecumenical Temple.
  4099 | Temple   | Entered the Ecumenical Temple
  4206 | D:5      | Noticed Blork the orc
  4233 | D:5      | Killed Blork the orc
  4234 | D:5      | Reached XP level 8. HP: 74/74 MP: 7/7
  4245 | D:5      | Noticed a troll
  4256 | D:5      | HP: 2/74 [troll (7)]
  4260 | D:5      | Slain by a troll

Illustrated notes

Levels and vault maps discovered:
D:1:      saegor_arrival_simple_a, layout_basic, minmay_misc_feat_chi
D:2:      layout_basic
D:3:      layout_basic, lemuel_coloured_pillars_altar, amcnicky_altar_gilded,
          hellmonk_ecumenical_altar_pennies_from_heaven, uniq_jessica
D:4:      layout_cave_pools, ashenzari_altar_1, serial_shops,
          kennysheep_little_box, hex_tiny, guppyfry_early_orc_mine
D:5:      layout_basic, amethyst_overflow_temple_binary,
          lemuel_temple_firewalk_b, uniq_blork_the_orc
Temple:   corrupted_temple

Skill      XL: |  1  2  3  4  5  6  7 |
---------------+----------------------+-----
Unarmed Combat | 3 4 5 6 |  6.6
Shields        | 1 2 3 4 |  4.9
Throwing       | 1 |  1.0
Dodging        | 2 |  2.0
Fighting       | |  2.9
Stealth        | |  2.7

Action                   |  1- 3 |  4- 6 |  7- 9 || total
-------------------------+-------+-------+-------++-------
Melee: Unarmed           |   100 |    81 |    58 ||   239
       Punch             |     3 |       |       ||     3
Throw: Stone             |    10 |    13 |       ||    23
       Dart              |       |     3 |    17 ||    20
Invok: Berserk           |       |     2 |     2 ||     4
  Use: Scroll            |       |       |     1 ||     1
       Potion            |       |       |     1 ||     1
 Stab: Sleeping          |     4 |       |       ||     4
Armor: Robe              |    24 |    20 |    17 ||    61
Dodge: Dodged            |    23 |    21 |    20 ||    64
Block: Kite shield       |    25 |    31 |    34 ||    90

Table legend: (Time is in decaauts)
 A = Elapsed time spent in this place.
 B = Non-inter-level travel time spent in this place.
 C = Inter-level travel time spent in this place.
 D = Time resting spent in this place.
 E = Time spent auto-exploring this place.
 F = Levels seen in this place.
 G = Mean time per level.
                   A        B        C        D        E       F      G
               +--------+--------+--------+--------+--------+-----+--------+
         Total |   4328 |   4028 |    300 |    118 |   2677 |   6 |  721.3 |
       Dungeon |   4280 |   3995 |    285 |    118 |   2644 |   5 |  856.0 |
        Temple |     48 |     33 |     15 |      0 |     33 |   1 |   48.0 |
               +--------+--------+--------+--------+--------+-----+--------+

Top non-repeatable levels by time:
     D:2: 1059 daAuts
     D:1: 911 daAuts
     D:4: 892 daAuts
     D:3: 783 daAuts
     D:5: 632 daAuts
  Temple: 48 daAuts
